 Dungeon Crawl Stone Soup version 0.28.0-53-g5a82cb258f (webtiles) character file.

Game seed: 8280426968929121636

17714 miket3c the Fencer (level 12, -6/110 HPs)
             Began as a Hill Orc Fighter on July 31, 2022.
             Was the Champion of Okawaru.
             Mangled by a 17-headed hydra (8 damage)
             ... on level 1 of the Lair of Beasts.
             The game lasted 00:16:36 (11210 turns).

miket3c the Fencer (Hill Orc Fighter)              Turns: 11210, Time: 00:16:37

Health: -6/110     AC: 26    Str: 24    XL:     12   Next: 50%
Magic:  12/12      EV: 11    Int:  8    God:    Okawaru [******]
Gold:   664        SH:  7    Dex: 14    Spells: 11/11 levels left

rFire   . . .      SeeInvis .   j - +10 long sword "Yqoitial" {protect, Dex+4}
rCold   . . .      Faith    .   c - +0 buckler
rNeg    . . .      Spirit   .   w - +0 plate armour
rPois   +          Reflect  .   x - +0 helmet
rElec   .          Harm     .   k - +0 cloak
rCorr   .          Rampage  .   (no gloves)
Will    .....                   L - +0 pair of boots
Stlth   ..........              m - amulet of regeneration
HPRegen 1.08/turn               b - +4 ring of evasion
MPRegen 0.13/turn               K - ring of poison resistance

@: under a protective aura, studying Long Blades
A: no striking features
a: Renounce Religion, Heroism, Finesse, Duel


You were on level 1 of the Lair of Beasts.
You worshipped Okawaru.
Okawaru was exalted by your worship.
You visited 3 branches of the dungeon, and saw 13 of its levels.

You collected 760 gold pieces.
You spent 96 gold pieces at shops.

Inventory:

Hand Weapons
 a - a +0 war axe
 j - the +10 long sword "Yqoitial" (weapon) {protect, Dex+4}
   (You found it on level 2 of the Dungeon)

   It grants its wielder temporary protection when it strikes (+7 to AC).
   Dex:       It affects your dexterity (+4).
 s - a +0 broad axe
 C - a +0 long sword of holy wrath
 E - a +3 great sword
 H - the +1 executioner's axe of Grandeur {venom, rC+}
   (Okawaru gifted it to you on level 11 of the Dungeon)

   It poisons the flesh of those it strikes.
   rC:        It protects you from cold.
Missiles
 f - 29 poisoned darts (quivered)
 u - 3 boomerangs
 v - 4 silver boomerangs
 z - 3 atropa-tipped darts
 A - 6 boomerangs of dispersal
Armour
 c - a +0 buckler (worn)
 k - a +0 cloak (worn)
 w - a +0 plate armour (worn)
 x - a +0 helmet (worn)
 L - a +0 pair of boots (worn)
Jewellery
 b - a +4 ring of evasion (left hand)
 m - an amulet of regeneration (around neck)
 o - a ring of flight
 K - a ring of poison resistance (right hand)
Wands
 g - a wand of flame (46)
 y - a wand of digging (3)
Scrolls
 d - a scroll of silence
 h - 2 scrolls of teleportation
 J - a scroll of fear
Potions
 e - 2 potions of flight
 i - 2 potions of brilliance
 l - 5 potions of degeneration
 n - 3 potions of heal wounds
 q - 2 potions of attraction
 r - 5 potions of curing
 t - 2 potions of cancellation
 B - a potion of mutation
 D - a potion of resistance {unknown}
 G - a potion of magic {unknown}
 I - a potion of lignification {unknown}


   Skills:
 + Level 11.5 Fighting
 * Level 16.5 Long Blades
 - Level 4.0 Axes
 + Level 10.5 Armour
 + Level 10.6 Shields


You had 11 spell levels left.
You didn't know any spells.
Your spell library contained the following spells:

 Spells                   Type           Power      Damage    Failure   Level
 Apportation              Tloc           0%         N/A       99%         1
 Slow                     Hex            0%         N/A       99%         1
 Corpse Rot               Necr/Air       0%         N/A       100%        2
 Poisonous Vapours        Pois/Air       0%         N/A       100%        2
 Sublimation of Blood     Necr           0%         N/A       100%        2
 Confusing Touch          Hex            0%         N/A       100%        3
 Ignite Poison            Fire/Tmut/Pois 0%         N/A       100%        3
 Spider Form              Tmut/Pois      0%         N/A       100%        3
 Vampiric Draining        Necr           0%         2d6       100%        3
 Flame Wave               Conj/Fire      0%         2d4       100%        4
 Sticky Flame             Conj/Fire      0%         2d3       100%        4
 Alistair's Intoxication  Tmut/Pois      0%         N/A       100%        5
 Borgnjor's Revivificati  Necr           0%         N/A       100%        8
 Necromutation            Tmut/Necr      0%         N/A       100%        8
 Death's Door             Necr           0%         N/A       100%        9
 Animate Skeleton         Necr           Unusable   N/A       N/A         1
 Summon Small Mammal      Summ           Unusable   N/A       N/A         1

Dungeon Overview and Level Annotations

Branches:
Dungeon (11/15)            Temple (1/1) D:5            Lair (1/6) D:9
    Orc (0/2) D:11

Altars:
Dithmenos
Fedhas
Gozag
Hepliaklqana
Okawaru
Ru
Trog
Vehumet
Wu Jian
Xom

Shops:
D:5 !


Message History

The 15-headed hydra barely misses you. x2
You lop one of the 15-headed hydra's heads off!
The 14-headed hydra grows two more!
You slice the 16-headed hydra!!
The 16-headed hydra is heavily wounded.
The black bear bites you but does no damage.
The black bear barely misses you.
The black bear claws you but does no damage.
You slice one of the 16-headed hydra's heads off!
The 15-headed hydra grows two more!
You slice the 17-headed hydra!!
The 17-headed hydra is severely wounded.
The 17-headed hydra barely misses you. You block the 17-headed hydra's attack.
The 17-headed hydra bites you but does no damage. x2
The 17-headed hydra bites you!
* * * LOW HITPOINT WARNING * * *
You block the 17-headed hydra's attack. The 17-headed hydra bites you.
* * * LOW HITPOINT WARNING * * *
The 17-headed hydra bites you but does no damage. x2
The 17-headed hydra closely misses you. You block the 17-headed hydra's attack.
The 17-headed hydra barely misses you. The 17-headed hydra bites you!
* * * LOW HITPOINT WARNING * * *
You block the 17-headed hydra's attack.
The 17-headed hydra bites you but does no damage. x3
The black bear closely misses you. The black bear barely misses you.
The black bear claws you but does no damage.
You barely miss the 17-headed hydra.
The 17-headed hydra is severely wounded.
The 17-headed hydra barely misses you.
The 17-headed hydra bites you but does no damage. x3
The 17-headed hydra closely misses you.
The 17-headed hydra bites you but does no damage.
The 17-headed hydra bites you.
* * * LOW HITPOINT WARNING * * *
The 17-headed hydra bites you but does no damage. x3
The 17-headed hydra closely misses you. You block the 17-headed hydra's attack.
The 17-headed hydra misses you. The 17-headed hydra closely misses you.
The 17-headed hydra bites you!
* * * LOW HITPOINT WARNING * * *
The 17-headed hydra bites you but does no damage.
The 17-headed hydra bites you!
You die...

...>.....
.......##
#......P
......# #
..... .##
...##....
#.h..l## ##
.## ##@D+ ...
.. ...#
#...#...8 ..
....
##......... #
#...
##...##.#.##
##..####...##
#.. ##
##....#...###
#.# .#.
..........# ##
#.. .##....###
..#
###....#######


You could see a 17-headed hydra, a komodo dragon and a black bear.

Vanquished Creatures
  A centaur warrior (D:9)
  4 two-headed ogres
  2 tengu warriors (D:9)
  A skeletal warrior (D:9)
  An ugly thing (D:9)
  A manticore (D:11)
  A cyclops (D:10)
  Joseph (D:8)
  A torpor snail (Lair:1)
  A gargoyle (D:7)
  An efreet (D:9)
  A komodo dragon (D:10)
  A troll (D:10)
  Prince Ribbit (D:8)
  A slime creature (D:9)
  Sigmund (D:6)
  A shadow (D:9)
  A vampire (D:11)
  A wyvern (D:8)
  20 yaks
  2 basilisks
  A steam dragon (D:9)
  4 wargs (D:11)
  2 acid dragons (D:8)
  Duvessa (D:6)
  A water moccasin (D:8)
  An orc warrior (D:9)
  A sky beast (D:7)
  An ogre (D:5)
  3 wolves (Lair:1)
  7 necrophages (D:10)
  6 centaurs
  3 phantoms (D:6)
  2 kobold brigands
  6 bullfrogs
  A gnoll sergeant (D:8)
  Blork the orc (D:4)
  A wyvern zombie (D:9)
  A scorpion (D:6)
  Dowan (D:6)
  20 killer bees
  7 wights
  A howler monkey (D:9)
  4 hounds
  5 centaur zombies
  Crazy Yiuf (D:6)
  3 orc priests
  Terence (D:3)
  2 iguanas (D:5)
  7 orc wizards
  3 killer bee zombies
  A howler monkey zombie (D:10)
  7 adders
  4 gnolls (D:8)
  A shadow imp (D:7)
  A white imp (D:8)
  3 adder skeletons
  3 dart slugs
  25 orcs
  6 endoplasms
  2 giant cockroaches
  5 goblins
  9 hobgoblins
  9 jackals
  19 kobolds
  3 quokkas
  12 ball pythons
  7 bats
  2 frilled lizards (D:3)
  A rat (D:2)
263 creatures vanquished.

Vanquished Creatures (others)
  2 fungi (Lair:1)
  2 plants (Lair:1)
4 creatures vanquished.

Grand Total: 267 creatures vanquished

Notes
Turn   | Place    | Note
-------+----------+-------------------------------------------
     0 | D:1      | miket3c the Hill Orc Fighter began the quest for the Orb.
     0 | D:1      | Reached XP level 1. HP: 19/19 MP: 1/1
   169 | D:1      | Reached XP level 2. HP: 19/27 MP: 2/2
   642 | D:1      | Reached XP level 3. HP: 32/33 MP: 3/3
   994 | D:1      | Found a faded altar of an unknown god.
  1405 | D:2      | Identified the +10 long sword "Yqoitial" {protect, Dex+4}
  1671 | D:2      | Reached XP level 4. HP: 40/40 MP: 4/4
  2105 | D:3      | Noticed Terence
  2111 | D:3      | Killed Terence
  2112 | D:3      | Reached skill level 1 in Long Blades
  2629 | D:4      | Noticed Blork the orc
  2640 | D:4      | Killed Blork the orc
  2641 | D:4      | Reached skill level 2 in Long Blades
  2641 | D:4      | Reached XP level 5. HP: 47/47 MP: 5/5
  3078 | D:4      | Reached XP level 6. HP: 55/55 MP: 6/6
  3139 | D:4      | Reached skill level 3 in Long Blades
  3519 | D:4      | Reached skill level 5 in Fighting
  3687 | D:5      | Entered Level 5 of the Dungeon
  3920 | D:5      | Reached skill level 4 in Long Blades
  3920 | D:5      | Reached XP level 7. HP: 38/61 MP: 7/7
  4105 | D:5      | Found a staircase to the Ecumenical Temple.
  4134 | Temple   | Entered the Ecumenical Temple
  4240 | Temple   | Became a worshipper of Warmaster Okawaru
  4467 | D:5      | Found Yppig's Distillery.
  4473 | D:5      | Bought a potion of heal wounds for 60 gold pieces
  4473 | D:5      | Bought a potion of curing for 36 gold pieces
  4810 | D:6      | Noticed Sigmund
  4816 | D:6      | Killed Sigmund
  4817 | D:6      | Reached skill level 5 in Armour
  4817 | D:6      | Reached skill level 5 in Shields
  4916 | D:6      | Reached skill level 5 in Long Blades
  5056 | D:6      | Noticed Dowan
  5056 | D:6      | Noticed Duvessa
  5063 | D:6      | Killed Duvessa
  5063 | D:6      | Reached * piety under Okawaru
  5064 | D:6      | Reached XP level 8. HP: 43/70 MP: 8/8
  5066 | D:6      | Killed Dowan
  5260 | D:6      | Found a runed translucent door.
  5261 | D:6      | Noticed Crazy Yiuf
  5486 | D:6      | Reached skill level 6 in Long Blades
  5788 | D:6      | Killed Crazy Yiuf
  6127 | D:7      | Reached ** piety under Okawaru
  6228 | D:7      | Reached skill level 7 in Long Blades
  6252 | D:7      | Noticed a gargoyle
  6263 | D:7      | Killed a gargoyle
  6264 | D:7      | Reached XP level 9. HP: 59/79 MP: 9/9
  6502 | D:8      | Noticed Joseph
  6521 | D:8      | Killed Joseph
  6521 | D:8      | Reached *** piety under Okawaru
  6522 | D:8      | Reached skill level 8 in Long Blades
  6586 | D:8      | Reached **** piety under Okawaru
  6592 | D:8      | Reached skill level 9 in Long Blades
  6596 | D:8      | Reached XP level 10. HP: 55/88 MP: 10/10
  6754 | D:8      | Noticed Prince Ribbit
  6786 | D:8      | Killed Prince Ribbit
  6835 | D:8      | Received a gift from Okawaru
  6969 | D:8      | Reached skill level 10 in Long Blades
  7542 | D:9      | Noticed a two-headed ogre
  7547 | D:9      | Killed a two-headed ogre
  7595 | D:9      | Reached skill level 11 in Long Blades
  7606 | D:9      | Reached ***** piety under Okawaru
  7699 | D:9      | Noticed a tengu warrior
  7699 | D:9      | Noticed a tengu warrior
  7719 | D:9      | Killed a tengu warrior
  7719 | D:9      | Received a gift from Okawaru
  7723 | D:9      | Killed a tengu warrior
  7724 | D:9      | Reached skill level 12 in Long Blades
  7724 | D:9      | Reached XP level 11. HP: 91/99 MP: 8/11
  7861 | D:9      | Noticed a two-headed ogre
  7868 | D:9      | Noticed a centaur warrior
  7870 | D:9      | Killed a two-headed ogre
  7870 | D:9      | Received a gift from Okawaru
  7878 | D:9      | Identified the +7 arbalest of Extinguishment {freeze, Str+4
                  | Dex+2}
  7878 | D:9      | Noticed a skeletal warrior
  7880 | D:9      | Noticed a red ugly thing
  7881 | D:9      | Killed a centaur warrior
  7882 | D:9      | Reached skill level 10 in Fighting
  7882 | D:9      | Reached skill level 13 in Long Blades
  8357 | D:9      | Got the Almanac of Transformation
  8364 | D:9      | Got the Collected Works on Twisted Flames
  8422 | D:9      | Found a staircase to the Lair.
  8442 | D:9      | Killed a red ugly thing
  8468 | D:9      | Killed a skeletal warrior
  8865 | D:10     | Entered Level 10 of the Dungeon
  9103 | D:10     | Reached skill level 14 in Long Blades
  9432 | D:10     | Noticed a cyclops
  9448 | D:10     | Killed a cyclops
  9527 | D:10     | Found an opulent altar of Gozag.
  9833 | D:11     | Identified the +1 executioner's axe of Grandeur {venom,
                  | rC+} (Okawaru gifted it to you on level 11 of the Dungeon)
  9833 | D:11     | Received a gift from Okawaru
  9866 | D:11     | Reached skill level 15 in Long Blades
  9869 | D:11     | Reached skill level 10 in Shields
  9873 | D:11     | Reached XP level 12. HP: 98/108 MP: 12/12
  9981 | D:11     | Reached skill level 10 in Armour
 10550 | D:11     | Found a staircase to the Orcish Mines.
 10569 | D:11     | Noticed a two-headed ogre
 10569 | D:11     | Noticed a two-headed ogre
 10585 | D:11     | Killed a two-headed ogre
 10589 | D:11     | Killed a two-headed ogre
 10589 | D:11     | Reached ****** piety under Okawaru
 10589 | D:11     | Identified the +0 scale mail of the Other World {Dex+2}
                  | (Okawaru gifted it to you on level 11 of the Dungeon)
 10589 | D:11     | Received a gift from Okawaru
 10906 | Lair:1   | Entered Level 1 of the Lair of Beasts
 10945 | Lair:1   | Reached skill level 16 in Long Blades
 10960 | Lair:1   | Noticed a five-headed hydra
 10967 | Lair:1   | a five-headed hydra changed into a torpor snail
 11188 | Lair:1   | Noticed a four-headed hydra
 11210 | Lair:1   | HP: 2/110 [17-headed hydra (8)]
 11210 | Lair:1   | Mangled by a 17-headed hydra

Illustrated notes

Levels and vault maps discovered:
D:1:      nicolae_arrival_memento_mori, layout_loops_ring,
          ebering_ecumenical_altar_abandoned
D:2:      layout_basic, grunt_decor_junction
D:3:      layout_loops_cross, uniq_terence
D:4:      minmay_chambers_of_threes, layout_loops_cross, uniq_blork_the_orc
D:5:      layout_basic, minmay_temple_entry_sparse_star, serial_shops,
          nicolae_shop_crystal
D:6:      layout_loops_corners, uniq_sigmund, uniq_crazy_yiuf_cottage,
          uniq_duvessa
D:7:      layout_loops_cross
D:8:      layout_gridville, minmay_misc_feat_more_columns,
          minmay_manual_monolith, uniq_prince_ribbit1, uniq_joseph
D:9:      minmay_the_grid_triangle_9x9_rhombus_thin_mashed
          [minmay_the_grid_triangle_9x9_from_above,
          minmay_the_grid_triangle_9x9_prize_insulated,
          minmay_the_grid_triangle_9x9_corruption,
          minmay_the_grid_triangle_9x9_warning], layout_gridville,
          lair_entry_dummy, serial_park_tiny_1,
          hangedman_abyss_or_decor_lesser_grid
D:10:     layout_gridville, grunt_gozag_breadcrumbs, serial_undead,
          serial_undead_b, serial_undead_e, serial_undead_f, serial_undead_a
D:11:     layout_basic, minmay_orc_entry_guard_dogs, minivault_21,
          hangedman_decor_slide_cut, minmay_crystal_room
Temple:   roderic_octagonal_lattice_temple
Lair:1:   layout_layer_cave, grunt_megastairs_1

Skill      XL: |  1  2  3  4  5  6  7  8  9 10 11 12 |
---------------+-------------------------------------+-----
Axes           | 3 4 |  4.0
Fighting       | 4 5 6 7 8 9 10 11 | 11.5
Long Blades    | 2 4 5 7 9 12 15 16 | 16.5
Shields        | 4 5 6 7 8 10 | 10.6
Armour         | 4 5 6 7 8 9 10 | 10.5

Action                   |  1- 3 |  4- 6 |  7- 9 | 10-12 || total
-------------------------+-------+-------+-------+-------++-------
Melee: War axe           |   105 |       |       |       ||   105
       Long sword        |     2 |   113 |   129 |   466 ||   710
Throw: Dart              |       |     8 |     4 |       ||    12
Invok: Heroism           |       |       |       |     4 ||     4
Evoke: Wand              |       |       |       |    14 ||    14
  Use: Scroll            |       |       |    11 |     3 ||    14
       Potion            |       |       |     3 |     3 ||     6
Armor: Scale mail        |    74 |    13 |       |       ||    87
       Skin              |       |     7 |       |       ||     7
       Chain mail        |       |    48 |    52 |       ||   100
       Plate armour      |       |       |    16 |   345 ||   361
Dodge: Dodged            |    69 |    37 |    42 |   246 ||   394
Block: Buckler           |    25 |    26 |    25 |   188 ||   264
